 Dungeon Sprint DCSS version 0.30-a0-862-g1aabd4f9c5 (webtiles) character file.

Game seed: 13314923795282769106

1575 dialectric the Basher (level 8, -2/52 HPs)
             Began as a Gargoyle Fighter on Mar 8, 2023.
             Was an Initiate of Jiyva.
             Slain by a yaktaur (11 damage)
             ... in the Dungeon (Sprint II: "The Violet Keep of Menkaure").
             The game lasted 00:03:46 (317 turns).

dialectric the Basher (Gargoyle Fighter)             Turns: 317, Time: 00:03:46

Health: -2/52      AC: 23    Str: 20    XL:     8   Next: 91%
Magic:  8/8        EV:  9    Int:  9    God:    Jiyva [......]
Gold:   253        SH:  0    Dex:  9    Spells: 7/7 levels left

rFire   + . .      SeeInvis .    a - +0 flail
rCold   . . .      Faith    .    (no shield)
rNeg    + . .      Spirit   .    d - +3 chain mail {rF+}
rPois   ∞          Reflect  .    (no helmet)
rElec   +          Rampage  .    (no cloak)
rCorr   .          NoTele   +    (no gloves)
Will    .....                    i - +2 pair of boots {Fly} Stlth
                                 (no amulet)
HPRegen 0.28/turn                (no ring)
MPRegen 0.11/turn                (no ring)

@: flying
A: sickness immunity, AC +5, negative energy resistance 1, electricity
resistance, torment resistance 1, petrification resistance, clumsy 1, frail 1
a: Renounce Religion


You were in the Dungeon.
You worshipped Jiyva.
Jiyva was noncommittal.
You visited 1 branch You collected 729 gold pieces.
You spent 476 gold pieces at shops.

Inventory:

Hand Weapons
 a - a +0 flail (weapon)
Armour
 b - a +0 scale mail
 c - a +0 buckler
 d - a +3 chain mail of fire resistance (worn)
 i - a +2 pair of boots of flying (worn)
Potions
 g - a potion of haste
 h - 2 potions of magic


   Skills:
 + Level 10.3 Fighting
 * Level 13.8 Maces & Flails
 + Level 10.6 Armour
 + Level 3.8 Dodging
 - Level 3.2 Shields


You had 7 spell levels left.
You didn't know any spells.
Your spell library was empty.

Dungeon Overview and Level Annotations

Branches:
Dungeon (1/1)

Altars:
Cheibriados
Dithmenos
Elyvilon
Fedhas
Gozag
Hepliaklqana
Kikubaaqudgha
Makhleb
Nemelex Xobeh
Okawaru
Qazlal
Ru
Sif Muna
Trog
Uskayaw
Vehumet
Wu Jian
Xom
Yredelemnul
Zin
The Shining One
Jiyva
Lugonu

Shops:
D :!!([!=!?=:=![(

Annotations:
D exclusion: oklob plant, Roxanne


Innate Abilities, Weirdness & Mutations

You are immune to sickness and miasma.
Your stone body is resilient. (AC +5)
You are immune to poison.
You resist negative energy. (rN+)
You are resistant to electric shocks. (rElec)
You are resistant to unholy torment.
You are immune to petrification.
You are clumsy. (Dex -2)
You are frail. (-10% HP)


Message History

The polar bear misses you.
You hit the polar bear.
The polar bear is almost dead.
The polar bear bites you but does no damage.
The polar bear claws you but does no damage. x2
You bludgeon the polar bear!!
You kill the polar bear!
The yaktaur shoots a bolt.
The bolt hits you but does no damage.
The yaktaur unwields a +0 arbalest.
The yaktaur barely misses you.
You see here a polar bear corpse.
You hit the yaktaur.
The yaktaur is lightly wounded.
You hit the yaktaur.
The yaktaur is lightly wounded.
The yaktaur hits you!
You hit the yaktaur.
The yaktaur is lightly wounded.
The yaktaur hits you.
* * * LOW HITPOINT WARNING * * *
You hit the yaktaur but do no damage.
The yaktaur is lightly wounded.
You hit the yaktaur. Your punch misses the yaktaur.
The yaktaur is moderately wounded.
The yaktaur hits you!
* * * LOW HITPOINT WARNING * * *
You sock the yaktaur!
The yaktaur is moderately wounded.
The yaktaur hits you.
* * * LOW HITPOINT WARNING * * *
You feel better.
The yaktaur hits you but does no damage.
You barely miss the yaktaur.
The yaktaur is moderately wounded.
The yaktaur hits you but does no damage.
You hit the yaktaur.
The yaktaur is heavily wounded.
You barely miss the yaktaur.
The yaktaur is heavily wounded.
The yaktaur hits you!
You die...

#######~~#'' ######~~~.○○ ..
..∩.∩#~~~~○# .. .∩.∩.#~~~~##
##.#### .### ∩.∩..#~~~~# ##.#
...# ...# .∩...#~~### ##.####..##
#..# .# ∩....#~##.###'###.##..#
+..# c#▓ .....#~#...##.###c.#..#
#..# y#▓
∩.∩.F'~+.##'.<.'@##†.h####..##.#▓
.∩.∩.#~###.##.###..#....###...##▓
▓▓▓###~##.###'###.##....h.~~~~~~~
######~~####.).####~~.....c#'####
#h ##~F~#..#..#~~~~~~~§.~#.._._
+$ #'#~##...##~~~~~~~~.~#._._.
#)# #:#~~##'##~~~≈≈≈~~~~~#_._._
## ### ~~~~~~~~~~≈≈§≈~~~#._._.
+++#+++#~≈≈§≈§§§§#.._._


You could see a yaktaur.

Vanquished Creatures
  A merfolk siren (D)
  2 polar bears (D)
  A hornet (D)
  2 neqoxecs (D)
  Menkaure (D)
  A water moccasin (D)
  4 scorpions (D)
  3 worms (D)
15 creatures vanquished.

Vanquished Creatures (others)
  2 wyverns (D)
  2 neqoxecs (D)
4 creatures vanquished.

Grand Total: 19 creatures vanquished

Notes
Turn   | Place    | Note
-------+----------+-------------------------------------------
     0 | D        | dialectric the Gargoyle Fighter began the quest for the
                  | Orb.
     0 | D        | Reached XP level 1. HP: 14/14 MP: 1/1
    15 | D        | Reached skill level 1 in Dodging
    15 | D        | Reached XP level 2. HP: 18/20 MP: 2/2
    23 | D        | Noticed a scorpion
    23 | D        | Noticed a scorpion
    23 | D        | Noticed a scorpion
    23 | D        | Noticed a scorpion
    34 | D        | Killed a scorpion
    35 | D        | Reached skill level 5 in Fighting
    35 | D        | Reached skill level 4 in Maces & Flails
    35 | D        | Reached skill level 5 in Armour
    35 | D        | Reached XP level 3. HP: 21/26 MP: 3/3
    35 | D        | Reached XP level 4. HP: 25/31 MP: 4/4
    37 | D        | Killed a scorpion
    38 | D        | Reached skill level 5 in Maces & Flails
    38 | D        | Reached XP level 5. HP: 30/37 MP: 5/5
    40 | D        | Reached skill level 7 in Maces & Flails
    45 | D        | Reached XP level 6. HP: 37/44 MP: 6/6
    46 | D        | Noticed a merfolk siren
    62 | D        | Killed a merfolk siren
    63 | D        | Reached skill level 10 in Maces & Flails
    63 | D        | Reached XP level 7. HP: 46/50 MP: 7/7
    66 | D        | Noticed a neqoxec
    66 | D        | Gained mutation: You are frail. (-10% HP) [a neqoxec]
    72 | D        | Noticed a neqoxec
    83 | D        | Killed a neqoxec
    84 | D        | Reached skill level 11 in Maces & Flails
    86 | D        | Killed a neqoxec
    86 | D        | Gained mutation: You are clumsy. (Dex -2) [a neqoxec]
    87 | D        | Killed a neqoxec
   101 | D        | Found a hazy altar of Hepliaklqana.
   101 | D        | Found a snail-covered altar of Cheibriados.
   111 | D        | Reached XP level 8. HP: 32/50 MP: 8/8
   126 | D        | Identified Roxanne's Codex of Transmigration
   126 | D        | Noticed Roxanne
   139 | D        | Found Keruros's Antique Armour Emporium.
   139 | D        | Found Johol's Magic Scroll Shoppe.
   139 | D        | Found Yssaowku's Distillery.
   139 | D        | Found Finedwepn's Book Shoppe.
   139 | D        | Found Noineil's Jewellery Emporium.
   140 | D        | Found Ceaw's Antique Armour Shoppe.
   140 | D        | Found Cokiqaj's Antique Weapon Emporium.
   140 | D        | Found Ehuis's Distillery.
   140 | D        | Found Matuisku's Weapon Shoppe.
   140 | D        | Found Modoun's Jewellery Emporium.
   141 | D        | Found Vaifa's Distillery.
   141 | D        | Found Suq Ughu's Distillery.
   141 | D        | Noticed a polar bear
   142 | D        | Found Oloed's Jewellery Shoppe.
   142 | D        | Found Mimiceluc's Distillery.
   143 | D        | Noticed Menkaure
   143 | D        | Noticed a polar bear
   143 | D        | Noticed an oklob plant
   144 | D        | Found Yleimp's Book Shoppe.
   168 | D        | Killed Menkaure
   169 | D        | Reached skill level 12 in Maces & Flails
   181 | D        | Bought a glowing chain mail for 157 gold pieces
   192 | D        | Bought a potion of heal wounds for 65 gold pieces
   194 | D        | Bought a scroll of enchant armour for 82 gold pieces
   197 | D        | Bought a pair of glowing boots for 172 gold pieces
   226 | D        | Noticed a blink frog
   250 | D        | Found a stormy altar of Qazlal.
   250 | D        | Found a viscous altar of Jiyva.
   250 | D        | Found a shadowy altar of Dithmenos.
   251 | D        | Found a sacrificial altar of Ru.
   251 | D        | Found an ancient bone altar of Kikubaaqudgha.
   251 | D        | Found a white marble altar of Elyvilon.
   252 | D        | Found an ornate altar of the Wu Jian Council.
   252 | D        | Found a shimmering blue altar of Sif Muna.
   252 | D        | Found a corrupted altar of Lugonu.
   253 | D        | Found a shimmering altar of Xom.
   253 | D        | Found a bloodstained altar of Trog.
   253 | D        | Found a burning altar of Makhleb.
   254 | D        | Found a glowing golden altar of the Shining One.
   254 | D        | Found a basalt altar of Yredelemnul.
   254 | D        | Found a hide-covered altar of Uskayaw.
   256 | D        | Found a glowing silver altar of Zin.
   256 | D        | Found a radiant altar of Vehumet.
   256 | D        | Found a blossoming altar of Fedhas.
   256 | D        | Found a sparkling altar of Nemelex Xobeh.
   256 | D        | Noticed a hornet
   256 | D        | Noticed a polar bear
   256 | D        | Noticed a polar bear
   257 | D        | Found an opulent altar of Gozag.
   257 | D        | Found an iron altar of Okawaru.
   257 | D        | Noticed a yaktaur
   260 | D        | Became a worshipper of Jiyva Jape the Shapeless
   263 | D        | Killed a wyvern
   265 | D        | Killed a wyvern
   279 | D        | Killed a hornet
   280 | D        | Reached skill level 10 in Fighting
   280 | D        | Reached skill level 10 in Armour
   299 | D        | Killed a polar bear
   300 | D        | Reached skill level 13 in Maces & Flails
   306 | D        | Killed a polar bear
   313 | D        | HP: 2/52 [yaktaur (6)]
   317 | D        | Slain by a yaktaur

Illustrated notes

Levels and vault maps discovered:
D:        the_violet_keep_of_menkaure [sprint2_stairs_cluster_1,
          sprint2_shoproom, sprint2_temple, sprint2_basic_supplies,
          sprint2_obstacle_6, sprint2_obstacle_5, sprint2_obstacle_2,
          sprint2_obstacle_1, sprint2_obstacle_4, sprint2_timed_cluster_1,
          sprint2_smallroom_cluster_1, sprint2_smallroom_final_cluster_1,
          sprint2_transparent_cluster_1, sprint2_second_timed_cluster_1,
          sprint2_sniper_area_1, sprint2_heavy_combat_area_1,
          sprint2_mutation_trap_area_1, sprint2_forest_area_1,
          sprint2_light_combat_area_1, sprint2_behind_water_1,
          sprint2_near_end_vault_1]

Skill      XL: |  1  2  3  4  5  6  7  8 |
---------------+-------------------------+-----
Fighting       | 4 5 6 7 8 9 10 | 10.3
Armour         | 4 5 6 7 9 10 | 10.6
Dodging        | 1 3 |  3.8
Maces & Flails | 4 5 7 10 11 13 | 13.8
Shields        | |  3.2

Action                     |  1- 3 |  4- 6 |  7- 9 || total
---------------------------+-------+-------+-------++-------
  Melee: Flail             |    19 |    25 |    73 ||   117
    Use: Potion            |     1 |       |     4 ||     5
         Scroll            |       |       |     2 ||     2
 Armour: Scale mail        |     9 |     7 |    12 ||    28
         Chain mail        |       |       |    41 ||    41
  Dodge: Dodged            |     6 |     6 |    43 ||    55

Table legend: (Time is in decaauts)
 A = Elapsed time spent in this place.
 B = Non-inter-level travel time spent in this place.
 C = Inter-level travel time spent in this place.
 D = Time resting spent in this place.
 E = Time spent auto-exploring this place.
 F = Levels seen in this place.
 G = Mean time per level.
                   A        B        C        D        E       F      G
               +--------+--------+--------+--------+--------+-----+--------+
         Total |    319 |    319 |      0 |      0 |     15 |   1 |  319.0 |
       Dungeon |    319 |    319 |      0 |      0 |     15 |   1 |  319.0 |
               +--------+--------+--------+--------+--------+-----+--------+

Top non-repeatable levels by time:
       D: 319 daAuts
